 Dungeon Crawl Stone Soup version 0.29.1-12-g30fa7ad0bf (webtiles) character file.

Game seed: 16111049783415201328

17304 devnull the Cleaver (level 12, -1/106 HPs)
             Began as a Ghoul Gladiator on Dec 29, 2022.
             Was an Elder of Makhleb.
             Slain by a two-headed ogre
             ... wielding a +0 dire flail
              (12 damage)
             ... on level 1 of the Orcish Mines.
             The game lasted 00:47:31 (18396 turns).

devnull the Cleaver (Ghoul Gladiator)              Turns: 18396, Time: 00:47:31

Health: -1/106     AC: 25    Str: 29    XL:     12   Next: 46%
Magic:  14/14      EV:  8    Int:  3    God:    Makhleb [****..]
Gold:   694        SH:  5    Dex: 10    Spells: 11/11 levels left

rFire   . . .      SeeInvis .   R - +0 battleaxe
rCold   + . .      Faith    .   (shield currently unavailable)
rNeg    + + +      Spirit   .   M - +0 plate armour
rPois   ∞          Reflect  +   c - +1 helmet
rElec   .          Harm     .   r - +1 cloak
rCorr   .          Rampage  .   p - +1 pair of gloves
Will    .....                   t - +0 pair of boots
Stlth   ..........              H - amulet of reflection
HPRegen 0.00/turn               o - +4 ring of protection
MPRegen 0.14/turn               f - +6 ring of strength

@: inhibited regen
A: claws 1, cold resistance 1, negative energy resistance 3, inhibited
regeneration, torment resistance 2, devour on kill
a: Renounce Religion, Minor Destruction, Lesser Servant of Makhleb, Major
Destruction


You were on level 1 of the Orcish Mines.
You worshipped Makhleb.
Makhleb was greatly pleased with you.
You visited 4 branches of the dungeon, and saw 16 of its levels.

You collected 1365 gold pieces.
You spent 671 gold pieces at shops.

Inventory:

Hand Weapons
 a - a +0 war axe
 w - a +0 sling
 J - a +0 shortbow
 R - a +0 battleaxe (weapon)
Missiles
 d - 3 silver boomerangs (quivered)
 e - 3 boomerangs
 j - 2 boomerangs of dispersal
 m - 6 javelins {@f1}
 v - an atropa-tipped dart
 C - 33 poisoned darts {@f2}
Armour
 c - a +1 helmet (worn)
 p - a +1 pair of gloves (worn)
 r - a +1 cloak (worn)
 t - a +0 pair of boots (worn)
 x - a +1 chain mail of cold resistance
 M - a +0 plate armour (worn)
Jewellery
 f - a +6 ring of strength (right hand)
 o - a +4 ring of protection (left hand)
 G - a +4 ring of evasion
 H - an amulet of reflection (around neck)
 Q - a ring of protection from fire
Wands
 D - a wand of roots (17)
 E - a wand of paralysis (4)
 L - a wand of polymorph (14)
 O - a wand of mindburst (1)
 P - a wand of digging (1)
Scrolls
 b - a scroll of fog
 g - a scroll of blinking
 i - 3 scrolls of enchant weapon
 n - a scroll of immolation
 q - 3 scrolls of magic mapping
 s - a scroll of teleportation
 u - a scroll of poison
 y - 3 scrolls of noise
 B - a scroll of vulnerability
Potions
 h - 7 potions of curing
 k - a potion of attraction
 l - 4 potions of mutation
 z - 2 potions of heal wounds
 A - a potion of ambrosia {unknown}
 F - a potion of might {unknown}
 I - a potion of lignification {unknown}
 N - 6 potions of flight


   Skills:
 + Level 9.7 Fighting
 - Level 12.2 Axes
 + Level 8.1 Throwing
 + Level 7.8 Armour
 - Level 2.6 Dodging
 - Level 4.5 Invocations


You had 11 spell levels left.
You didn't know any spells.
Your spell library contained the following spells:

 Spells                   Type           Power      Damage    Failure   Level
 Gell's Gravitas          Tloc           0%         N/A       100%        3
 Lesser Beckoning         Tloc           0%         N/A       100%        3
 Teleport Other           Tloc           0%         N/A       100%        3
 Dispersal                Tloc           0%         N/A       100%        6
 Disjunction              Tloc           0%         N/A       100%        8


Dungeon Overview and Level Annotations

Branches:
Dungeon (12/15)            Temple (1/1) D:5            Lair (1/5) D:8
    Orc (2/2) D:11
    Elf: Orc:2

Altars:
Ashenzari
Cheibriados
Dithmenos
Fedhas
Gozag
Hepliaklqana
Kikubaaqudgha
Makhleb
Nemelex Xobeh
Okawaru
Qazlal
Ru
Sif Muna
Trog
Uskayaw
Vehumet
Wu Jian
Xom
Yredelemnul

Shops:
D:1 :   Orc:1 =   Orc:2 *

Portals:
Trove: D:11 (give +6 demon trident)

Annotations:
D:6 2 exclusions
D:10 5 exclusions
Lair:1 !hydra by entry


Innate Abilities, Weirdness & Mutations

You are immune to poison.
You have sharp fingernails.
Your flesh is cold resistant. (rC+)
You are immune to negative energy. (rN+++)
You do not regenerate when monsters are visible.
You are immune to unholy pain and torment.
You thrive by killing the living.


Message History

You barely miss the two-headed ogre. The two-headed ogre closely misses you.
The two-headed ogre hits you but does no damage.
You hit the two-headed ogre.
The two-headed ogre is lightly wounded.
The two-headed ogre hits you with a +0 dire flail!
The two-headed ogre hits you with a +0 giant club!
You slice the two-headed ogre!!
The two-headed ogre is heavily wounded.
The two-headed ogre hits you with a +0 dire flail!!
The two-headed ogre hits you with a +0 giant club.
You are too injured to fight recklessly!
You are too injured to fight recklessly!
You are too injured to fight recklessly!
You are too injured to fight recklessly!
You are too injured to fight recklessly!
You slash the two-headed ogre!
The two-headed ogre is heavily wounded.
You hit the two-headed ogre.
The two-headed ogre is severely wounded.
The two-headed ogre hits you with a +0 dire flail!
The two-headed ogre hits you with a +0 giant club!
* * * LOW HITPOINT WARNING * * *
Okay, then.
Unknown command.
Throw: dart (curare)
Press: ? - help, Shift-Dir - straight line, f - two-headed ogre
Aim: a two-headed ogre, wielding a +0 dire flail and a +0 giant club (severely wounded, 78% to hit)
You throw a curare-tipped dart.
The curare-tipped dart hits the two-headed ogre.
The two-headed ogre is poisoned.
The two-headed ogre convulses.
The two-headed ogre seems to slow down.
The two-headed ogre is severely wounded.
You are too injured to fight recklessly!
You are too injured to fight recklessly!
You hit the two-headed ogre but do no damage.
The two-headed ogre is severely wounded.
The two-headed ogre hits you with a +0 dire flail!
* * * LOW HITPOINT WARNING * * *
The two-headed ogre hits you with a +0 giant club!
You die...

#...#.....##........#†.##
##.................#....#
#.......#..........#+#..#
####..#..............+∩'.####
.#.###...............#'####.##
....##..............#...##...#
....#..............#...##.#.#####
....#...##..........#.#.......#.#
.....#.#........@................
..#...#........O........##..#.#.#
.^.............#............#####
......†>....................##
....#.)..................#...#
............................##
................#....#.......##
......#...........#.##........#
...................##.........#


You could see a two-headed ogre (very poisoned, slow).

Vanquished Creatures
  2 two-headed ogres
  5 death yaks
  An orc high priest (Orc:2)
  An orc sorcerer (Orc:1)
  2 cyclopes
  Maurice (D:7)
  A cane toad (Lair:1)
  Psyche (D:10)
  A kobold demonologist (D:9)
  5 trolls
  A polar bear (Lair:1)
  3 wraiths
  Eustachio (D:6)
  9 yaks
  A wyvern (Lair:1)
  Grum (D:11)
  2 steam dragons
  7 wargs
  An acid dragon (D:8)
  2 water moccasins
  A hell hound (D:10)
  A sky beast (D:6)
  An ice beast (D:5)
  9 orc warriors
  2 black bears (D:6)
  5 ogres
  3 wolves (D:11)
  2 centaurs
  4 kobold brigands (D:7)
  8 bullfrogs
  4 gnoll sergeants
  A scorpion (D:5)
  A necrophage (D:7)
  6 wights
  5 killer bees
  4 howler monkeys
  4 hounds
  14 orc priests
  A gnoll bouda (D:7)
  3 iguanas
  19 orc wizards
  7 adders
  23 gnolls
  A shadow imp (D:6)
  A white imp (D:7)
  2 ufetubi (D:6)
  4 dart slugs
  55 orcs
  11 ball pythons
  7 endoplasms
  3 giant cockroaches
  5 goblins
  7 hobgoblins
  3 quokkas
  8 bats
  2 frilled lizards (D:1)
  15 kobolds
  7 rats
  A bush (D:3)
308 creatures vanquished.

Vanquished Creatures (others)
  12 plants
12 creatures vanquished.

Grand Total: 320 creatures vanquished

Notes
Turn   | Place    | Note
-------+----------+-------------------------------------------
     0 | D:1      | devnull the Ghoul Gladiator began the quest for the Orb.
     0 | D:1      | Reached XP level 1. HP: 17/17 MP: 0/0
    96 | D:1      | Reached XP level 2. HP: 25/25 MP: 1/1
   126 | D:1      | Found a faded altar of an unknown god.
   180 | D:1      | Found Loogen's Book Emporium.
   592 | D:1      | Reached skill level 3 in Axes
   592 | D:1      | Reached skill level 1 in Armour
   592 | D:1      | Reached XP level 3. HP: 30/30 MP: 2/2
   759 | D:2      | You fall into a shaft and drop 1 floor!
   963 | D:3      | Found a blossoming altar of Fedhas.
  1100 | D:2      | Reached XP level 4. HP: 37/37 MP: 3/3
  1663 | D:3      | Reached XP level 5. HP: 45/45 MP: 4/4
  3022 | D:3      | Reached XP level 6. HP: 37/52 MP: 5/5
  3951 | D:5      | Entered Level 5 of the Dungeon
  3989 | D:5      | Found a staircase to the Ecumenical Temple.
  3999 | Temple   | Entered the Ecumenical Temple
  4192 | Temple   | Became a worshipper of Makhleb the Destroyer
  4387 | D:5      | Reached skill level 4 in Axes
  4578 | D:5      | Found a basalt altar of Yredelemnul.
  4703 | D:5      | Found an ancient bone altar of Kikubaaqudgha.
  4718 | D:5      | Reached XP level 7. HP: 56/60 MP: 6/6
  4786 | D:5      | Found an ornate altar of the Wu Jian Council.
  4950 | D:6      | Reached skill level 1 in Invocations
  5336 | D:6      | Noticed Eustachio
  5362 | D:5      | Reached skill level 5 in Fighting
  5403 | D:6      | Killed Eustachio
  5404 | D:6      | Reached XP level 8. HP: 57/68 MP: 8/8
  5722 | D:6      | Reached skill level 5 in Axes
  6174 | D:6      | HP: 2/69 [electric eel/bolt of electricity (10)]
  7154 | D:6      | Reached * piety under Makhleb
  7454 | D:6      | Reached skill level 5 in Throwing
  7456 | D:6      | Reached XP level 9. HP: 50/75 MP: 9/11
  8529 | D:7      | Found an opulent altar of Gozag.
  8580 | D:7      | Reached skill level 6 in Axes
  9203 | D:8      | Noticed Maurice
  9251 | D:7      | Killed Maurice
  9252 | D:7      | Reached skill level 7 in Axes
  9384 | D:8      | Noticed a death yak
  9423 | D:8      | Killed a death yak
  9424 | D:8      | Reached skill level 8 in Axes
  9424 | D:8      | Reached XP level 10. HP: 64/84 MP: 12/12
  9428 | D:8      | Reached skill level 9 in Axes
  9484 | D:8      | Noticed a death yak
  9484 | D:8      | Noticed a death yak
  9486 | D:8      | Noticed a death yak
  9632 | D:8      | Reached ** piety under Makhleb
  9864 | D:8      | Noticed a two-headed ogre
  9869 | D:8      | Killed a two-headed ogre
  9881 | D:8      | Found a broken altar of Ashenzari.
  9935 | D:8      | Noticed a death yak
 10394 | D:8      | Reached skill level 10 in Axes
 10501 | D:8      | Found a snail-covered altar of Cheibriados.
 10511 | D:8      | Found a staircase to the Lair.
 11117 | D:8      | Killed a death yak
 11440 | D:7      | Killed a death yak
 11441 | D:7      | Reached skill level 11 in Axes
 11645 | D:7      | Killed a death yak
 11646 | D:7      | Reached XP level 11. HP: 91/91 MP: 13/13
 11775 | D:8      | Killed a death yak
 11776 | D:8      | Reached skill level 12 in Axes
 12009 | D:9      | Reached skill level 5 in Armour
 12196 | D:9      | Found a hazy altar of Hepliaklqana.
 12197 | D:9      | Found a shimmering altar of Xom.
 13129 | D:9      | Reached *** piety under Makhleb
 13283 | D:10     | Entered Level 10 of the Dungeon
 13823 | D:10     | Found a sacrificial altar of Ru.
 13839 | D:10     | Noticed a two-headed ogre
 13880 | D:10     | Killed a two-headed ogre
 14401 | D:10     | Noticed a hell knight
 14529 | D:11     | Noticed Psyche
 14625 | D:10     | Killed Psyche
 14887 | D:11     | Found a staircase to the Orcish Mines.
 15314 | D:11     | Noticed a cyclops
 15329 | D:11     | Killed a cyclops
 15417 | D:11     | Found a portal to a secret trove of treasure.
 15470 | D:11     | Noticed Grum
 15507 | D:11     | Killed Grum
 15508 | D:11     | Reached XP level 12. HP: 74/103 MP: 14/14
 15849 | D:12     | Noticed a boulder beetle
 15916 | Lair:1   | Entered Level 1 of the Lair of Beasts
 16173 | Lair:1   | Noticed a seven-headed hydra
 16277 | Orc:1    | Entered Level 1 of the Orcish Mines
 17247 | Orc:1    | Reached **** piety under Makhleb
 17418 | Orc:1    | Found Abby's Jewellery Emporium.
 17421 | Orc:1    | Bought a +6 ring of strength for 396 gold pieces
 17421 | Orc:1    | Bought a ring of protection from fire for 275 gold pieces
 17526 | Orc:2    | Entered Level 2 of the Orcish Mines
 17604 | Orc:2    | Found Dera's Assorted Antiques.
 17623 | Orc:1    | Noticed an orc high priest
 18079 | Orc:2    | Killed an orc high priest
 18360 | Orc:2    | Noticed a two-headed ogre
 18360 | Orc:2    | Noticed a two-headed ogre
 18360 | Orc:2    | Noticed a two-headed ogre
 18360 | Orc:2    | Noticed a two-headed ogre
 18360 | Orc:2    | Noticed a two-headed ogre
 18361 | Orc:2    | Noticed a two-headed ogre
 18367 | Orc:2    | Noticed an ogre mage
 18368 | Orc:2    | Noticed a two-headed ogre
 18396 | Orc:1    | Slain by a two-headed ogre

Illustrated notes

Levels and vault maps discovered:
D:1:      lordsloth_arrival_two_stooges, layout_loops_ring,
          hellmonk_ecumenical_altar_crossroads, serial_shops,
          nicolae_square_shop, serial_bayou_pond_e, chequers_jeans,
          hangedman_decor_growths, minmay_stone_trees_small
D:2:      layout_rooms
D:3:      layout_basic, fedhas_ov_isle_minmay
D:4:      layout_loops_corners
D:5:      layout_basic, nicolae_kikubaaqudgha_miasma_corner,
          mainiacjoe_overflow_catwalk, nzn_wu_jian_council_hall,
          minmay_temple_entry_stoned_glass, minmay_holes
D:6:      cheibrodos_two_vegetables, layout_rooms, uniq_eustachio
D:7:      layout_basic, lemuel_round_altar, minmay_alternating_orb
D:8:      layout_basic, zin_statuary, dpeg_lair_monsters, st_stairs_1,
          hangedman_feature_mirror, minmay_small_thing, uniq_maurice
D:9:      layout_loops_corners, regret_index_temple_of_mockery
D:10:     layout_basic, mainiacjoe_overflow_paths, elyvilon_altar_3,
          minmay_rotating_lava
D:11:     layout_loops_ring, erik_orc_3, nicolae_trove_entry_diagonal,
          uniq_psyche, uniq_grum
D:12:     layout_gridville, minmay_misc_feat_roman, uniq_lodul
Temple:   nicolae_temple_slightly_damp_pantheon
Lair:1:   layout_roguey, uniq_maggie
Orc:1:    layout_caves, serial_shops, nicolae_shop_behind_doors
Orc:2:    st_orc_ogre_mass, layout_diamond_mine, serial_shops,
          nicolae_shop_overgrown_old_shop

Skill      XL: |  1  2  3  4  5  6  7  8  9 10 11 12 |
---------------+-------------------------------------+-----
Throwing       | 2 3 4 5 7 8 |  8.1
Axes           | 3 4 5 8 11 12 | 12.2
Armour         | 1 2 3 4 6 7 |  7.8
Fighting       | 3 4 5 6 8 9 |  9.7
Invocations    | 2 4 |  4.5
Dodging        | |  2.6

Action                   |  1- 3 |  4- 6 |  7- 9 | 10-12 || total
-------------------------+-------+-------+-------+-------++-------
Melee: War axe           |   170 |   182 |   361 |   870 ||  1583
       Punch             |     2 |       |     3 |    15 ||    20
       Battleaxe         |       |       |       |     7 ||     7
Throw: Javelin           |       |     1 |     1 |    14 ||    16
       Boomerang         |       |     6 |     5 |     6 ||    17
       Dart              |       |       |    10 |    23 ||    33
       Throwing net      |       |       |     2 |     3 ||     5
Evoke: Wand              |       |       |     3 |     1 ||     4
  Use: Scroll            |     2 |     2 |    13 |     7 ||    24
       Potion            |       |     1 |     1 |     6 ||     8
 Stab: Paralysed         |       |       |     9 |       ||     9
       Held in net/web   |       |       |       |     2 ||     2
       Sleeping          |       |       |       |     1 ||     1
Armor: Chain mail        |    42 |   136 |   244 |    49 ||   471
       Leather armour    |     3 |       |       |       ||     3
       Plate armour      |       |       |       |   497 ||   497
Dodge: Dodged            |    23 |    86 |   226 |   387 ||   722
Block: Other             |       |       |    87 |   207 ||   294
       Reflection        |       |       |     3 |     2 ||     5
